 Dungeon Crawl Stone Soup version 0.25.0-26-g0c896c7088 (webtiles) character file.

Game seed: 16718242908021552559

18405 DocSulfur the Destroyer (level 12, -8/76 HPs)
             Began as a Deep Elf Conjurer on July 3, 2020.
             Was an Elder of Vehumet.
             Killed from afar by an oklob plant (12 damage)
             ... with a splash of acid
             ... on level 2 of the Lair of Beasts on July 4, 2020.
             The game lasted 02:14:30 (17395 turns).

DocSulfur the Destroyer (Deep Elf Conjurer)        Turns: 17395, Time: 02:14:31

Health: -8/76      AC:  1    Str:  6      XL:     12   Next: 27%
Magic:  37/37      EV: 16    Int: 32 (34) God:    Vehumet [****..]
Gold:   518        SH:  0    Dex: 11      Spells: 10/31 levels left

rFire    . . .     SeeInvis +   I - +1 halberd of Valiance {freeze, Fragile +Rage Int+9 Dex-4}
rCold    . . .     Gourm    .   (shield currently unavailable)
rNeg     . . .     Faith    +   D - +0 troll leather armour
rPois    +         Spirit   .   J - +0 helmet
rElec    .         Reflect  .   A - scarf {+Inv}
rCorr    .         Harm     .   d - +1 pair of gloves
MR       +....                  k - +1 pair of boots
Stlth    ++........             F - amulet of faith
HPRegen  0.62/turn              q - ring of see invisible
MPRegen  0.25/turn              E - ring of magical power

@: corroded
A: talons 1, deterioration 1, poison resistance
a: Renounce Religion, Evoke Berserk Rage, Evoke Invisibility


You were on level 2 of the Lair of Beasts.
You worshipped Vehumet.
Vehumet was greatly pleased with you.
You were not hungry.

You visited 3 branches of the dungeon, and saw 16 of its levels.
You also visited: Sewer and Gauntlet.

You collected 850 gold pieces.
You spent 332 gold pieces at shops.

Inventory:

Hand Weapons
 C - the +1 long sword "Ucyigih" {holy, +Rage Dex+6}
   (You found it on level 5 of the Dungeon)

   It has been blessed by the Shining One to cause great damage to the undead
   and demons.
   It affects your dexterity (+6).
   It lets you go berserk.
 I - the +1 halberd of Valiance (weapon) {freeze, Fragile +Rage Int+9 Dex-4}
   (You found it on level 8 of the Dungeon)

   It has been specially enchanted to freeze those struck by it, causing extra
   injury to most foes and up to half again as much damage against particularly
   susceptible opponents.
   It can also slow down cold-blooded creatures.
   It affects your intelligence (+9).
   It affects your dexterity (-4).
   It lets you go berserk.
   It will be destroyed if unequipped.
Missiles
 n - 5 throwing nets
 s - 5 atropa-tipped darts (quivered)
 y - 4 curare-tipped darts
Armour
 d - a +1 pair of gloves (worn)
 k - a +1 pair of boots (worn)
 A - a scarf of invisibility (worn)
 D - a +0 troll leather armour (worn)
 J - a +0 helmet (worn)
 T - +0 steam dragon scales
 U - a +2 robe of cold resistance
Magical Staves
 w - an uncursed staff of wizardry {unknown}
 Y - an uncursed staff of poison {unknown}
Jewellery
 a - an uncursed amulet of the acrobat {unknown}
 f - a +4 ring of protection
 q - a ring of see invisible (left hand)
 u - the ring of Siheiven {rF+ rC++ Dex+4 Stlth+}
   (You acquired it on level 8 of the Dungeon)

   [ring of protection from fire]

   It affects your dexterity (+4).
   It protects you from fire.
   It greatly protects you from cold.
   It makes you more stealthy.
 E - a ring of magical power (right hand)
 F - an amulet of faith (around neck)
 K - an uncursed amulet of reflection {unknown}
 M - an uncursed amulet of magic regeneration {unknown}
 V - an uncursed ring of flight
Wands
 m - a wand of iceblast (11)
 G - a wand of acid (15)
 H - a wand of random effects (14)
 S - a wand of polymorph (10)
Scrolls
 b - 3 scrolls of remove curse
 j - 4 scrolls of amnesia
 t - 4 scrolls of teleportation
 x - 3 scrolls of immolation
 z - 3 scrolls of enchant weapon
 B - 2 scrolls of summoning {unknown}
 L - a scroll of enchant armour
 N - a scroll of brand weapon {unknown}
Potions
 e - a potion of might
 g - 4 potions of flight
 h - 2 potions of mutation
 i - a potion of heal wounds
 o - 4 potions of brilliance
 r - 9 potions of curing
 P - 2 potions of haste
 Q - a potion of cancellation
 R - a potion of berserk rage
 X - a potion of ambrosia
Comestibles
 c - 18 rations


   Skills:
 + Level 9.6 Fighting
 - Level 0.4 Throwing
 - Level 10.0 Dodging
 - Level 2.4 Stealth
 - Level 10.0 Spellcasting
 + Level 10.7 Conjurations
 - Level 8.0 Hexes
 - Level 6.0 Translocations
 - Level 5.0 Fire Magic


You had 10 spell levels left.
You knew the following spells:

 Your Spells              Type           Power        Failure   Level  Hunger
a - Searing Ray           Conj           ######       1%          2    None
b - Fulminant Prism       Conj/Hex       ######....   1%          4    None
c - Dazzling Flash        Conj/Hex       ######       1%          3    None
d - Iskenderun's Mystic   Conj/Tloc      ######..     1%          4    None
e - Magic Dart            Conj           ####         1%          1    None
f - Conjure Flame         Conj/Fire      ######..     1%          3    None
g - Hailstorm             Conj/Ice       ######..     1%          4    None

Your spell library contained the following spells:

 Spells                   Type           Power        Failure   Level  Hunger


Dungeon Overview and Level Annotations

Branches:
Dungeon (13/15)            Temple (1/1) D:7            Lair (2/6) D:8
    Orc (0/2) D:11          Sewer (visited)         Gauntlet (visited)
  Swamp: Lair:2-4    Shoals: Lair:2-4     Snake: Lair:2-4    Spider: Lair:2-4
 Vaults: D:13-14

Altars:
Ashenzari
Cheibriados
Dithmenos
Elyvilon
Fedhas
Gozag
Hepliaklqana
Kikubaaqudgha
Makhleb
Nemelex Xobeh
Okawaru
Qazlal
Ru
Sif Muna
Trog
Uskayaw
Vehumet
Wu Jian
Xom
Yredelemnul
Zin
The Shining One

Shops:
D:5 =   D:7 ?   D:8 (   D:12 *

Annotations:
D:3 Ijyb
D:7 2 transporters, execc's ghost, novice OpBe
D:10 1 runed translucent door, mayo's ghost, journeyman OpFi
Lair:2 exclusion: oklob plant


Innate Abilities, Weirdness & Mutations

You have sharp toenails.
Your body sometimes deteriorates upon taking damage.
Your system is resistant to poisons. (rPois)


Message History

The oklob plant spits acid at you. The splash of acid hits you.
The acid corrodes you!
You are splashed with acid!
* * * LOW HITPOINT WARNING * * *
Found a granite ring.
A bullfrog and a vampire mosquito come into view.
The vampire mosquito buzzes angrily.
Really walk into a travel-excluded area? [Y]es or [N]o only, please.
Really walk into a travel-excluded area?
A vampire mosquito comes into view.
The oklob plant spits acid at you. The splash of acid hits you!
* * * LOW HITPOINT WARNING * * *
You are splashed with acid!
* * * LOW HITPOINT WARNING * * *
The oklob plant spits acid at you. The splash of acid misses you.
The oklob plant spits acid at you. The splash of acid hits you!
You die...

.F.♣.♣...... ... .....P=.y..#
.. ...... ..y.......# ## #..
....# ....>..... .# ..##...#
#........#.# .### ###.#...
##..........#
...######P##...####............
...........##...##y............
...........##...@.............#
............[............(.....
##...##.......................P
##P.##........................
######..<...........PPP......
#....#.........(PPP....!.
##...##..#......PPP......
##...#...##P.....%. ..##.
##.P.P#............. ..#


You could see an oklob plant and a vampire mosquito.

Vanquished Creatures
  2 hydras
  Harold (D:7)
  A two-headed ogre (D:11)
  An unseen horror (D:11)
  An ugly thing (D:11)
  A cyclops (D:11)
  2 manticores (D:12)
  2 centaur zombies (D:11)
  2 black mambas
  Psyche (D:11)
  2 gargoyles
  A kobold demonologist (D:11)
  A komodo dragon (Lair:1)
  A meliai (D:11)
  2 trolls
  2 hornets
  5 hippogriffs
  A wraith (D:11)
  A spriggan (D:7)
  A wyvern (D:8)
  8 yaks
  4 vampire mosquitoes (D:12)
  A hungry ghost (D:11)
  3 steam dragons
  6 porcupines
  5 orc warriors (D:11)
  A hornet zombie (D:11)
  2 black bears (D:8)
  3 ice beasts
  An eye of draining (D:11)
  3 phantoms
  2 sky beasts
  7 ogres
  3 centaurs
  5 crocodiles
  A big kobold (Sewer)
  A wyvern zombie (D:9)
  8 bullfrogs
  A gnoll sergeant (D:9)
  5 scorpions
  A killer bee (D:8)
  2 electric eels (D:11)
  6 wights
  4 howler monkeys
  A bullfrog zombie (D:9)
  6 crimson imps
  8 orc priests
  3 bullfrog skeletons
  6 hounds
  3 jellies
  7 orc wizards
  Jessica (D:2)
  2 centaur skeletons
  3 worker ants
  An iguana (D:8)
  2 hound skeletons
  2 worker ant zombies
  18 gnolls
  14 adders
  2 river rats (Sewer)
  5 shadow imps
  2 adder zombies
  2 adder skeletons
  A worm (D:6)
  A dart slug (D:3)
  2 leopard geckos (D:3)
  39 orcs
  2 ball pythons
  5 giant cockroaches
  7 hobgoblins
  10 jackals
  7 quokkas
  4 bats
  4 frilled lizards
  2 goblins
  A jackal zombie (D:9)
  12 kobolds
  A quokka skeleton (D:5)
  13 rats
  A fulminant prism (D:11)
314 creatures vanquished.

Vanquished Creatures (others)
  An orc (D:11)
  75 fulminant prisms
  5 fungi
  A plant (D:8)
  A withered plant (Gauntlet)
83 creatures vanquished.

Grand Total: 397 creatures vanquished

Notes
Turn   | Place    | Note
-------+----------+-------------------------------------------
     0 | D:1      | DocSulfur the Deep Elf Conjurer began the quest for the
                  | Orb.
     0 | D:1      | Reached XP level 1. HP: 10/10 MP: 6/6
   205 | D:1      | Reached XP level 2. HP: 15/15 MP: 2/8
   209 | D:1      | Learned a level 2 spell: Searing Ray
   239 | D:1      | Reached skill level 5 in Conjurations
   741 | D:2      | Found an iron altar of Okawaru.
   936 | D:2      | Reached XP level 3. HP: 19/19 MP: 2/9
   936 | D:2      | Noticed Jessica
  1023 | D:2      | Killed Jessica
  1235 | D:3      | Learned a level 3 spell: Dazzling Flash
  1249 | D:3      | Reached XP level 4. HP: 19/24 MP: 3/11
  1349 | D:3      | Reached skill level 1 in Hexes
  1367 | D:3      | Noticed Ijyb
  1599 | D:3      | Found a glowing drain.
  1604 | Sewer    | Entered a sewer
  1699 | Sewer    | Gained mutation: You have sharp toenails. [potion of
                  | mutation]
  1699 | Sewer    | Gained mutation: Your body sometimes deteriorates upon
                  | taking damage. [potion of mutation]
  1699 | Sewer    | Gained mutation: Your system is resistant to poisons.
                  | (rPois) [potion of mutation]
  1701 | Sewer    | Reached XP level 5. HP: 12/28 MP: 10/13
  1883 | Sewer    | Reached skill level 5 in Spellcasting
  2071 | Sewer    | Found a white marble altar of Elyvilon.
  2379 | D:3      | Learned a level 4 spell: Fulminant Prism
  2384 | D:3      | Learned a level 4 spell: Iskenderun's Mystic Blast
  3842 | D:4      | Reached XP level 6. HP: 32/32 MP: 12/16
  4314 | D:5      | Entered Level 5 of the Dungeon
  4319 | D:5      | Noticed a sky beast
  4340 | D:5      | Killed a sky beast
  4340 | D:5      | Reached skill level 1 in Translocations
  4575 | D:5      | Found Xuolazin's Jewellery Shoppe.
  4690 | D:5      | Reached XP level 7. HP: 36/36 MP: 3/17
  4807 | D:5      | Got a bone long sword
  4808 | D:5      | Identified the cursed +1 long sword "Ucyigih" {holy, +Rage
                  | Dex+6} (You found it on level 5 of the Dungeon)
  4824 | D:5      | Reached skill level 5 in Hexes
  4936 | D:5      | Found a shadowy altar of Dithmenos.
  5531 | D:6      | Got a scorched trident
  5533 | D:6      | Identified the +4 trident of Calculation {antimagic, rElec}
                  | (You found it on level 6 of the Dungeon)
  5885 | D:5      | Bought an uncursed ring of magical power for 280 gold
                  | pieces
  6060 | D:6      | Reached XP level 8. HP: 42/42 MP: 19/19
  6078 | D:6      | Reached skill level 1 in Fighting
  6268 | D:6      | Found a basalt altar of Yredelemnul.
  6616 | D:7      | Noticed Harold
  6699 | D:7      | Found a staircase to the Ecumenical Temple.
  6728 | Temple   | Entered the Ecumenical Temple
  6820 | Temple   | Became a worshipper of Vehumet
  7159 | D:7      | Noticed a hippogriff
  7184 | D:7      | Killed a hippogriff
  7184 | D:7      | Reached skill level 5 in Dodging
  7238 | D:7      | Killed Harold
  7238 | D:7      | Reached skill level 5 in Translocations
  7238 | D:7      | Reached XP level 9. HP: 20/52 MP: 6/20
  7646 | D:7      | Found Akeid's Magic Scroll Boutique.
  7655 | D:7      | Bought a scroll of amnesia for 52 gold pieces
  7745 | D:7      | Found a transporter.
  7745 | D:7      | Noticed execc's ghost (novice OpBe)
  7746 | D:7      | Found a transporter.
  7747 | D:7      | Noticed a queen bee
  8605 | D:8      | Found a staircase to the Lair.
  8619 | D:8      | Reached skill level 5 in Fighting
  8915 | D:8      | Found a blossoming altar of Fedhas.
  8982 | D:8      | Found Olyx's Weapon Shoppe.
  9030 | D:8      | Reached * piety under Vehumet
  9030 | D:8      | Offered knowledge of Foxfire by Vehumet.
  9030 | D:8      | Reached XP level 10. HP: 60/60 MP: 21/21
  9108 | D:8      | Got an iridescent halberd
  9108 | D:8      | Identified the +1 halberd of Valiance {freeze, Fragile
                  | +Rage Int+9 Dex-4} (You found it on level 8 of the Dungeon)
  9713 | D:8      | Identified a scroll of acquirement
  9716 | D:8      | Got the ring of Siheiven {rF+ rC++ Dex+4 Stlth+}
 10069 | D:9      | Found a sparkling altar of Nemelex Xobeh.
 10393 | D:10     | Entered Level 10 of the Dungeon
 10837 | D:9      | Found a shattered altar of Ashenzari.
 10837 | D:9      | Found a shimmering altar of Xom.
 10837 | D:9      | Found a white marble altar of Elyvilon.
 10837 | D:9      | Found a hide-covered altar of Uskayaw.
 10841 | D:9      | Reached ** piety under Vehumet
 10841 | D:9      | Offered knowledge of Shock by Vehumet.
 10861 | D:9      | Found an opulent altar of Gozag.
 10861 | D:9      | Found a snail-covered altar of Cheibriados.
 11276 | D:11     | Reached skill level 10 in Dodging
 12064 | D:10     | Found a runed translucent door.
 12067 | D:10     | Noticed mayo's ghost (journeyman OpFi)
 12188 | D:10     | Noticed a gargoyle
 12197 | D:10     | Killed a gargoyle
 12844 | D:11     | Reached XP level 11. HP: 68/68 MP: 8/26
 13006 | D:11     | Offered knowledge of Conjure Flame by Vehumet.
 13020 | D:11     | Reached *** piety under Vehumet
 13074 | D:11     | Learned a level 3 spell: Conjure Flame
 13130 | D:11     | Found a staircase to the Orcish Mines.
 13309 | D:11     | Noticed Psyche
 13319 | D:11     | Killed Psyche
 13351 | D:11     | Reached skill level 1 in Fire Magic
 13386 | D:11     | Offered knowledge of Olgreb's Toxic Radiance by Vehumet.
 13466 | D:11     | Noticed a two-headed ogre
 13653 | D:12     | Found Ydghuj's Assorted Antiques.
 13708 | D:12     | Reached **** piety under Vehumet
 13710 | D:12     | Offered knowledge of Hailstorm by Vehumet.
 13894 | D:12     | Reached skill level 10 in Spellcasting
 13912 | D:12     | Learned a level 4 spell: Hailstorm
 13918 | D:12     | Found a gate leading to a gauntlet.
 13952 | Gauntlet | Entered a Gauntlet
 13952 | Gauntlet | Found a transporter.
 13952 | Gauntlet | Found a transporter.
 13952 | Gauntlet | Found a runed translucent gate.
 13953 | Gauntlet | Found a runed translucent gate.
 13956 | Gauntlet | Found a transporter.
 13956 | Gauntlet | Found a transporter.
 13958 | Gauntlet | Found a runed translucent gate.
 13960 | Gauntlet | Found a transporter.
 13960 | Gauntlet | Found a transporter.
 13992 | Gauntlet | Found a transporter.
 13996 | Gauntlet | Found a transporter.
 13998 | Gauntlet | Noticed a death scarab
 13998 | Gauntlet | Noticed a death scarab
 14009 | Gauntlet | Found a transporter.
 14018 | Gauntlet | Noticed a wretched star
 14021 | Gauntlet | Found a transporter.
 14036 | Gauntlet | Found a transporter.
 14040 | Gauntlet | Found a transporter.
 14040 | Gauntlet | Noticed a necromancer
 14456 | D:11     | Noticed a green ugly thing
 14463 | D:11     | Killed a green ugly thing
 14649 | D:11     | Noticed a six-headed hydra
 15149 | D:11     | Killed a two-headed ogre
 15164 | D:11     | Noticed an unseen horror
 15184 | D:11     | Killed an unseen horror
 15189 | D:11     | Killed a six-headed hydra
 15189 | D:11     | Reached skill level 5 in Fire Magic
 15317 | D:11     | Reached XP level 12. HP: 24/76 MP: 20/28
 15647 | D:11     | Reached skill level 10 in Conjurations
 15949 | Lair:1   | Entered Level 1 of the Lair of Beasts
 16480 | Lair:1   | Found a bloodstained altar of Trog.
 16928 | Lair:2   | Noticed an eight-headed hydra
 17178 | Lair:1   | Killed an eight-headed hydra
 17392 | Lair:2   | HP: 2/76 [acid (11)]
 17395 | Lair:2   | Killed from afar by an oklob plant

Illustrated notes

Levels and vault maps discovered:
D:1:      dpeg_arrival_simpleton_b, layout_basic
D:2:      layout_basic, okawaru_gym_becter, hangedman_decor_points, uniq_jessica
D:3:      layout_loops_corners, gup_sewer_entry_bowl, uniq_ijyb
D:4:      layout_basic
D:5:      layout_rooms, first_ration, basic_altar, serial_shops, shop
D:6:      layout_loops_ring, basic_altar
D:7:      layout_loops_cross, minmay_temple_entry_large_hall,
          gammafunk_ghost_hive, serial_shops, shop_fountains, the_bakery,
          uniq_harold
D:8:      layout_basic, due_lair_maze_entry_diamond, serial_shops,
          nicolae_shop_temple_entry_statues_fountains, fedhas_ov_isle_minmay
D:9:      layout_loops_ring, kennysheep_little_box, minmay_overflow_temple_hex
D:10:     layout_grid_maze, gammafunk_ghost_grave
D:11:     kennysheep_windowed_halls, layout_stronghold, erik_orc_2, uniq_psyche
D:12:     layout_layer_cave, serial_shops, shop, gauntlet_entry_generic
D:13:     layout_loops_ring, lightli_vaults_fourway_checkpoint
Temple:   dpeg_chambers_temple
Lair:1:   layout_regular_city, basic_altar
Lair:2:   layout_misc_corridors, minmay_swamp_entry_swarm,
          guppyfry_snake_entry_island, gammafunk_ghost_necromancy,
          serial_bayou_pond_a, minmay_lair_oklob_bushes

Skill      XL: |  1  2  3  4  5  6  7  8  9 10 11 12 |
---------------+-------------------------------------+-----
Conjurations   | 5 6 8 9 10 | 10.7
Hexes          | 2 3 4 6 8 |  8.0
Spellcasting   | 4 5 6 9 10 | 10.0
Translocations | 2 4 5 6 |  6.0
Fighting       | 3 5 7 9 |  9.6
Dodging        | 6 8 10 | 10.0
Fire Magic     | 5 |  5.0
Throwing       | |  0.4
Stealth        | |  2.4

Action                   |  1- 3 |  4- 6 |  7- 9 | 10-12 || total
-------------------------+-------+-------+-------+-------++-------
Melee: Short sword       |       |     3 |       |       ||     3
       Long sword        |       |       |     1 |       ||     1
       Halberd           |       |       |       |     6 ||     6
Throw: Dart              |       |     8 |       |       ||     8
       Stone             |       |     1 |       |       ||     1
 Cast: Magic Dart        |    34 |    64 |    60 |     6 ||   164
       Searing Ray       |     3 |    20 |    60 |   125 ||   208
       Fulminant Prism   |       |     3 |    16 |    57 ||    76
       Dazzling Flash    |       |       |       |     7 ||     7
       Iskenderun's Myst |       |       |       |     1 ||     1
  Use: Scroll            |     3 |     2 |     7 |    12 ||    24
       Potion            |       |     3 |       |     2 ||     5
  Eat: Chunk             |     1 |     5 |    14 |    11 ||    31
       Ration            |       |     2 |       |     5 ||     7
Armor: Robe              |       |     7 |    10 |     1 ||    18
       Troll leather arm |       |       |       |    48 ||    48
Dodge: Dodged            |     1 |    15 |    34 |   152 ||   202
       Rpst.: Long sword |       |       |     8 |       ||     8
